 Dungeon Crawl Stone Soup version 0.30-a0-49-g1cef19eb02 (webtiles) character file.

Game seed: 18315271324751964895

16786 purpskrrrp the Impaler (level 12, -5/56 (91) HPs)
             Began as a Barachi Fighter on Sept 2, 2022.
             Was an Initiate of Gozag.
             Hit by a stone thrown by something (7 damage)
             ... on level 10 of the Dungeon on Sept 3, 2022.
             The game lasted 01:24:27 (16266 turns).

purpskrrrp the Impaler (Barachi Fighter)           Turns: 16266, Time: 01:24:27

HP:   -5/56 (91)    AC: 18    Str: 24    XL:     12   Next: 41%
MP:   12/12         EV: 12    Int:  8    God:    Gozag
Gold: 1246          SH:  5    Dex: 13    Spells: 11/11 levels left

rFire   . . .      SeeInvis .    h - +2 demon trident (chaos)
rCold   . . .      Faith    .    c - +0 buckler
rNeg    . . .      Spirit   .    b - +0 scale mail
rPois   .          Reflect  .    (no helmet)
rElec   .          Harm     .    u - +2 cloak {Stlth+}
rCorr   .          Rampage  .    w - +1 pair of gloves
Will    +....                    (no boots)
Stlth   +.........               (no amulet)
HPRegen 0.18/turn                s - +4 ring of protection
MPRegen 0.13/turn                j - ring of willpower

@: unable to hop, very heavily drained, slow
A: amphibious, slowness 1, strong legs 1, +LOS, strong 1
a: Hop, Renounce Religion, Potion Petition, Call Merchant, Bribe Branch


You were on level 10 of the Dungeon.
You worshipped Gozag.
Gozag was most pleased with you.
You visited 2 branches of the dungeon, and saw 13 of its levels.
You also visited: Sewer.

You collected 3028 gold pieces.
You spent 250 gold pieces at shops.
You paid 1532 gold pieces to Gozag.

Inventory:

Hand Weapons
 a - a +0 long sword of flaming
 f - a +3 short sword
 h - a +2 demon trident of chaos (weapon)
Missiles
 i - 3 throwing nets
Armour
 b - a +0 scale mail (worn)
 c - a +0 buckler (worn)
 u - a +2 cloak of stealth (worn)
 w - a +1 pair of gloves (worn)
Jewellery
 g - a ring of positive energy
 j - a ring of willpower (right hand)
 s - a +4 ring of protection (left hand)
 y - a ring of fire
 z - a ring of wizardry
Wands
 v - a wand of flame (28) (quivered)
 A - a wand of charming (25)
Scrolls
 d - 6 scrolls of teleportation
 k - 4 scrolls of noise
 p - 3 scrolls of amnesia
Potions
 e - 10 potions of flight
 n - 4 potions of attraction
 r - 4 potions of lignification
 t - 3 potions of ambrosia
 B - 2 potions of magic
 E - 2 potions of curing
 F - a potion of haste
 G - a potion of resistance


   Skills:
 + Level 7.4 Fighting
 - Level 4.6 Long Blades
 + Level 15.0 Polearms
 * Level 9.7 Armour
 + Level 5.4 Dodging
 + Level 6.7 Shields
 + Level 4.7 Evocations


You had 11 spell levels left.
You didn't know any spells.
Your spell library contained the following spells:

 Spells                   Type           Power      Damage    Failure   Level
 Apportation              Tloc           0%         N/A       75%         1
 Beastly Appendage        Tmut           0%         N/A       75%         1
 Freeze                   Ice            0%         1d3       75%         1
 Necrotise                Necr           0%         1d4       75%         1
 Sandblast                Erth           0%         2d4       75%         1
 Shock                    Conj/Air       0%         1d3       75%         1
 Passwall                 Tmut/Erth      0%         N/A       87%         2
 Wereblood                Tmut           0%         N/A       87%         2
 Frozen Ramparts          Ice            0%         1d1       98%         3
 Inner Flame              Hex/Fire       0%         N/A       98%         3
 Spider Form              Tmut/Pois      0%         N/A       98%         3
 Stone Arrow              Conj/Erth      0%         3d7       98%         3
 Swiftness                Air            0%         N/A       98%         3
 Vampiric Draining        Necr           0%         2d6       98%         3
 Airstrike                Air            0%         2d(0-16)  100%        4
 Cause Fear               Hex            0%         N/A       100%        4
 Hailstorm                Conj/Ice       0%         3d3       100%        4
 Ice Form                 Ice/Tmut       0%         N/A       100%        4
 Summon Ice Beast         Ice/Summ       0%         N/A       100%        4
 Agony                    Necr           0%         N/A       100%        5
 Alistair's Intoxication  Tmut/Pois      0%         N/A       100%        5
 Blade Hands              Tmut           0%         N/A       100%        5
 Irradiate                Conj/Tmut      0%         3d11      100%        5
 Summon Forest            Summ/Tloc      0%         N/A       100%        5
 Eringya's Noxious Bog    Tmut/Pois      0%         N/A       100%        6
 Dragon Form              Tmut           0%         N/A       100%        7
 Summon Hydra             Summ           0%         N/A       100%        7
 Discord                  Hex            0%         N/A       100%        8


Dungeon Overview and Level Annotations

Branches:
Dungeon (11/15)            Temple (0/1) D:4            Lair (2/5) D:8
    Orc (0/2) D:11          Sewer (visited)
  Swamp: Lair:2-3    Shoals: Lair:2-3     Snake: Lair:2-3    Spider: Lair:2-3

Altars:
Elyvilon
Gozag
Kikubaaqudgha
Makhleb
Okawaru
Wu Jian
Zin
The Shining One

Shops:
D:6 *   D:8 *   D:10 [:


Innate Abilities, Weirdness & Mutations

You are amphibious.
You cover ground slowly.
You can hop short distances.
You have an extended range of vision and can be seen from far away.
Your muscles are strong. (Str +4, Int/Dex -1)


Message History

Something hits you!
* * * LOW HITPOINT WARNING * * *
You feel drained.
* * * LOW HITPOINT WARNING * * *
Hop to where?
Press: ? - help, Dir - move target Boing!
You are confused.
You feel invigorated.
You're too confused to move!
Something hits you but does no damage.
You feel drained.
You're too confused to move!
Something hits you!
* * * LOW HITPOINT WARNING * * *
You feel drained. Something hits you but does no damage.
You feel drained. Something hits you but does no damage.
You feel drained.
You're too confused to move!
Something hits you!
* * * LOW HITPOINT WARNING * * *
You feel drained. Something hits you!
* * * LOW HITPOINT WARNING * * *
You feel drained.
* * * LOW HITPOINT WARNING * * *
You feel less invigorated.
You feel less confused. Something hits you.
* * * LOW HITPOINT WARNING * * *
You feel drained.
* * * LOW HITPOINT WARNING * * *
Something hits you!
* * * LOW HITPOINT WARNING * * *
You feel drained.
Okay, then.
You can't see any enemies this would affect, really read the scroll of fear?
As you read the scroll of fear, it crumbles to dust.
You assume a fearsome visage.
Nothing appears to happen.
Something hits you but does no damage.
You feel drained.
A stone appears from out of thin air!
The stone hits you!
You die...
Your body crumbles into a pile of gold.

..######### ..........#
.....P....# ### .♣♣..P._..## #∩#
.♣♣..P.....#######.##########
.♣♣..PPPP...................#
.♣♣.......>.................#
.♣♣........................##
.♣♣♣♣♣♣♣........@<...>.....#
.♣♣♣♣♣♣♣...................#
...........................#
...........................#
........##########.........#
........#........########..#
'#......#...............#..#
.#..#####.......#####...#..#
.#..#)..........+...#...#..######


There were no monsters in sight!

Vanquished Creatures
  A boulder beetle (D:11)
  A hydra (Lair:1)
  A two-headed ogre (D:8)
  An orc knight (D:10)
  2 cyclopes (D:11)
  A rust devil (D:4)
  8 elephants
  A guardian serpent (shapeshifter) (Lair:1)
  Maggie (D:6)
  3 cane toads (Lair:2)
  A rime drake (Lair:2)
  3 komodo dragons
  A troll (D:11)
  Grinder (D:6)
  A hornet (D:8)
  2 shadows (D:11)
  A wyvern (D:11)
  A basilisk (Lair:1)
  8 yaks
  4 steam dragons
  Menkaure (D:6)
  2 wargs (D:8)
  4 water moccasins
  6 orc warriors
  2 ice beasts
  2 ogres (D:6)
  3 centaurs
  2 phantoms
  Blork the orc (D:6)
  4 bullfrogs
  2 gnoll sergeants
  3 necrophages
  2 scorpions
  6 wights
  2 troll zombies (D:11)
  6 howler monkeys
  4 hounds
  8 orc priests
  A jelly (D:4)
  5 iguanas
  Ijyb (D:3)
  14 orc wizards
  Natasha (thrice) (D:3)
  A merfolk siren (Sewer)
  A merfolk avatar (Sewer)
  6 ogre zombies (D:11)
  Robin (D:3)
  23 gnolls
  15 adders
  5 river rats
  A shadow imp (D:5)
  2 worms
  30 orcs
  7 bats
  10 endoplasms
  4 giant cockroaches
  16 goblins
  9 hobgoblins
  6 jackals
  6 kobolds
  6 quokkas
  16 ball pythons
  7 frilled lizards
  A goblin skeleton (D:11)
  2 hobgoblin skeletons (D:11)
  6 hobgoblin zombies (D:11)
  2 orc skeletons (D:11)
  13 orc zombies (D:11)
  23 rats
346 creatures vanquished.

Vanquished Creatures (others)
  An orc wizard (D:10)
  20 fungi
  2 plants
23 creatures vanquished.

Grand Total: 369 creatures vanquished

Notes
Turn   | Place    | Note
-------+----------+-------------------------------------------
     0 | D:1      | purpskrrrp the Barachi Fighter began the quest for the Orb.
     0 | D:1      | Reached XP level 1. HP: 18/18 MP: 1/1
    67 | D:1      | Reached XP level 2. HP: 8/25 MP: 2/2
   834 | D:1      | Reached XP level 3. HP: 30/30 MP: 3/3
  1379 | D:2      | Reached XP level 4. HP: 28/37 MP: 4/4
  1473 | D:2      | Found an opulent altar of Gozag.
  1491 | D:2      | Became a worshipper of Gozag Ym Sagoz the Greedy
  1591 | D:2      | Reached skill level 1 in Dodging
  2113 | D:3      | Found a faded altar of an unknown god.
  2179 | D:3      | Found a glowing golden altar of the Shining One.
  2238 | D:3      | Noticed Natasha
  2240 | D:3      | Noticed Robin
  2244 | D:3      | Killed Natasha
  2245 | D:3      | Reached XP level 5. HP: 42/42 MP: 5/5
  2296 | D:3      | Killed Robin
  2313 | D:3      | Found a glowing drain.
  2323 | Sewer    | Entered a sewer
  2460 | Sewer    | Reached skill level 5 in Armour
  2568 | Sewer    | Reached XP level 6. HP: 26/49 MP: 6/6
  3382 | D:3      | Reached skill level 1 in Polearms
  3392 | D:3      | Reached skill level 2 in Polearms
  3704 | D:3      | Noticed Ijyb
  3715 | D:3      | Killed Ijyb
  3799 | D:3      | Noticed Natasha
  3803 | D:3      | Killed Natasha
  3804 | D:3      | Reached XP level 7. HP: 55/55 MP: 7/7
  4083 | D:3      | Noticed Natasha
  4090 | D:3      | Killed Natasha
  4091 | D:3      | Reached skill level 3 in Polearms
  4238 | D:4      | Found a staircase to the Ecumenical Temple.
  4359 | D:4      | Noticed a rust devil
  4449 | D:4      | Reached skill level 4 in Polearms
  4557 | D:4      | Noticed an angel
  4593 | D:4      | Found a burning altar of Makhleb.
  4854 | D:4      | Reached skill level 5 in Polearms
  5035 | D:4      | Killed a rust devil
  5036 | D:4      | Reached skill level 6 in Polearms
  5036 | D:4      | Reached XP level 8. HP: 61/61 MP: 8/8
  5130 | D:5      | Entered Level 5 of the Dungeon
  5313 | D:5      | Reached skill level 7 in Polearms
  5344 | D:5      | Found a white marble altar of Elyvilon.
  6064 | D:6      | Noticed Blork the orc
  6069 | D:6      | Killed Blork the orc
  6070 | D:6      | Reached skill level 8 in Polearms
  6075 | D:6      | Bought a large opal ring for 160 gold pieces
  6457 | D:6      | Reached skill level 9 in Polearms
  6457 | D:6      | Reached XP level 9. HP: 66/66 MP: 9/9
  6670 | D:6      | Noticed Menkaure
  6674 | D:6      | Killed Menkaure
  6676 | D:6      | Noticed Maggie
  6693 | D:6      | Killed Maggie
  6694 | D:6      | Reached skill level 10 in Polearms
  6876 | D:6      | Noticed Grinder
  6880 | D:6      | Killed Grinder
  7297 | D:7      | Reached skill level 11 in Polearms
  7363 | D:7      | Found Zin's Purification Station.
  7363 | D:7      | Found a glowing silver altar of Zin.
  7393 | D:7      | Bought a potion of curing for 90 gold pieces
  7968 | D:8      | Reached skill level 12 in Polearms
  8006 | D:8      | Found Uthiyli's Demolitions Depot.
  8051 | D:8      | Reached XP level 10. HP: 73/73 MP: 10/10
  8130 | D:8      | Noticed a two-headed ogre
  8139 | D:8      | Killed a two-headed ogre
  8163 | D:8      | Reached skill level 13 in Polearms
  8339 | D:8      | Found a staircase to the Lair.
  8958 | D:9      | Reached skill level 14 in Polearms
  9605 | D:9      | Found an ornate altar of the Wu Jian Council.
  9820 | D:10     | Entered Level 10 of the Dungeon
  9924 | D:10     | Found an ancient bone altar of Kikubaaqudgha.
  9936 | D:10     | Found an opulent altar of Gozag.
  9966 | D:10     | Noticed a cyclops
  9975 | D:10     | Banished a cyclops
  9976 | D:10     | Reached skill level 5 in Fighting
  9976 | D:10     | Reached skill level 1 in Evocations
  9976 | D:10     | Reached XP level 11. HP: 43/79 MP: 11/11
 10477 | D:10     | Found Cemomis's Antique Armour Boutique.
 10998 | D:10     | Found a runed translucent door.
 11206 | D:10     | Found an iron altar of Okawaru.
 11436 | D:10     | Noticed an orc knight
 11545 | D:11     | Found a staircase to the Orcish Mines.
 11590 | D:11     | Reached skill level 5 in Shields
 11772 | D:11     | Noticed a cyclops
 12253 | D:10     | Killed an orc knight
 12605 | D:11     | Killed a cyclops
 12621 | D:11     | Noticed a boulder beetle
 12653 | D:11     | Killed a boulder beetle
 12904 | D:11     | Noticed a cyclops
 12907 | D:11     | Noticed a skeletal warrior
 13005 | Lair:1   | Entered Level 1 of the Lair of Beasts
 14119 | Lair:1   | Reached XP level 12. HP: 73/89 MP: 12/12
 14423 | Lair:2   | Reached skill level 5 in Dodging
 14744 | Lair:2   | Noticed a catoblepas
 15092 | Lair:2   | Noticed a seven-headed hydra
 15142 | Lair:1   | Killed a seven-headed hydra
 15143 | Lair:1   | Reached skill level 15 in Polearms
 15501 | Lair:1   | Gained mutation: Your muscles are strong. (Str +4, Int/Dex
                  | -1) [potion of mutation]
 16253 | D:10     | HP: 2/71 [something (3)]
 16264 | D:10     | HP: 1/60 [something (11)]
 16266 | D:10     | Hit by a stone thrown by something

Illustrated notes

Levels and vault maps discovered:
D:1:      lemuel_arrival_rhombus, layout_basic, serial_curves, eino_curves_04,
          eino_curves_02
D:2:      layout_loops_ring, basic_altar
D:3:      layout_loops_ring, nicolae_tso_swordbearing_angel,
          hellmonk_ecumenical_altar_pennies_from_heaven,
          cheibrodos_sewer_entry_sluice, uniq_natasha, uniq_robin, uniq_ijyb
D:4:      layout_cave_pods, makhleb_blood_cavern_becter, temple_garden
D:5:      layout_basic, mainiacjoe_overflow_surrounded_room, serial_aquarium,
          aquarium_bridge_square [aquarium_subvault_window,
          aquarium_subvault_wall, aquarium_subvault_bridge,
          aquarium_subvault_bridge], aquarium_bridge_long_joined
          [aquarium_subvault_bridge, aquarium_subvault_window,
          aquarium_subvault_window, aquarium_subvault_wall,
          aquarium_subvault_bridge, aquarium_subvault_wall],
          aquarium_window_corridor_2, aquarium_window_fake, aquarium_view_2b,
          aquarium_balcony_3b, aquarium_pool_side
D:6:      layout_loops_cross, kennysheep_generic_room_6, uniq_maggie,
          uniq_blork_the_orc, uniq_menkaure, uniq_grinder
D:7:      layout_basic, zin_purify, amcnicky_mini_pool_small
D:8:      layout_basic, erik_lair_orcish_takeover, small_statue_intersection,
          nicolae_blasting_shop, minmay_between
D:9:      layout_stronghold, nzn_wu_jian_council_hall,
          hangedman_abyss_or_decor_passed
D:10:     layout_irregular_city, old_standard_altar,
          mainiacjoe_overflow_chevrons, nicolae_gozag_seed_capital,
          serial_shops, nicolae_shop_overgrown_old_shop, lightli_church_of_beogh
D:11:     layout_cave_pools, zombieorc2_lemuel, minmay_checkerbox, uniq_nergalle
Lair:1:   layout_roguey
Lair:2:   layout_regular_city, grunt_megastairs_2

Skill      XL: |  1  2  3  4  5  6  7  8  9 10 11 12 |
---------------+-------------------------------------+-----
Armour         | 4 5 6 8 9 |  9.7
Long Blades    | 3 4 |  4.6
Fighting       | 4 5 6 7 |  7.4
Dodging        | 1 2 4 5 |  5.4
Shields        | 4 6 |  6.7
Polearms       | 2 6 9 12 14 15 | 15.0
Evocations     | 1 3 4 |  4.7

Action                   |  1- 3 |  4- 6 |  7- 9 | 10-12 || total
-------------------------+-------+-------+-------+-------++-------
Melee: Long sword        |   114 |   213 |       |       ||   327
       Demon trident     |       |    40 |   290 |   593 ||   923
Throw: Boomerang         |       |       |       |     4 ||     4
       Throwing net      |       |       |       |     3 ||     3
Invok: Call Merchant     |       |       |     1 |     1 ||     2
 Abil: Hop               |     2 |     1 |     1 |     8 ||    12
Evoke: Wand              |       |     1 |    10 |    43 ||    54
  Use: Potion            |     1 |     3 |     1 |     9 ||    14
       Scroll            |       |     8 |     7 |    16 ||    31
 Stab: Distracted        |       |     1 |       |     4 ||     5
       Confused          |       |       |       |     5 ||     5
Armor: Scale mail        |    83 |   116 |    79 |   190 ||   468
Dodge: Dodged            |    69 |   124 |    74 |   153 ||   420
Block: Buckler           |    29 |    77 |    35 |    79 ||   220

Table legend: (Time is in decaauts)
 A = Elapsed time spent in this place.
 B = Non-inter-level travel time spent in this place.
 C = Inter-level travel time spent in this place.
 D = Time resting spent in this place.
 E = Time spent auto-exploring this place.
 F = Levels seen in this place.
 G = Mean time per level.
                   A        B        C        D        E       F      G
               +--------+--------+--------+--------+--------+-----+--------+
         Total |  17883 |  16868 |   1015 |   4146 |   8488 |  14 | 1277.4 |
       Dungeon |  13814 |  12983 |    831 |   2640 |   7387 |  11 | 1255.8 |
          Lair |   3018 |   2834 |    184 |   1291 |    798 |   2 | 1509.0 |
         Sewer |   1050 |   1050 |      0 |    215 |    303 |   1 | 1050.0 |
               +--------+--------+--------+--------+--------+-----+--------+

Top non-repeatable levels by time:
    D:10: 3017 daAuts
  Lair:1: 2423 daAuts
     D:9: 1367 daAuts
     D:3: 1362 daAuts
     D:4: 1197 daAuts
     D:1: 1197 daAuts
     D:6: 1189 daAuts
     D:2: 1068 daAuts
   Sewer: 1050 daAuts
     D:5: 1047 daAuts
     D:8: 1011 daAuts
     D:7: 935 daAuts
  Lair:2: 595 daAuts
    D:11: 420 daAuts
